 Dungeon Crawl Stone Soup version 0.32-a0-361-g289a535 (webtiles) character file.

Game seed: 3224605277865531393

201 danspanner the Conjurer (level 5, -5/31 HPs)
             Began as an Octopode Conjurer on Feb 18, 2024.
             Slain by Blork the orc
             ... wielding a +0 morningstar
              (12 damage)
             ... on level 4 of the Dungeon.
             The game lasted 00:08:41 (3031 turns).

danspanner the Conjurer (Octopode Conjurer)         Turns: 3031, Time: 00:08:42

Health: -5/31      AC:  1    Str:  6    XL:     5   Next: 79%
Magic:  1/9        EV: 13    Int: 31    God:
Gold:   167        SH:  0    Dex: 10    Spells: 3/10 levels left

rFire   . . .        f - staff of alchemy
rCold   . . .        (no shield)
rNeg    . . .        (helmet restricted)
rPois   +            (no amulet)
rElec   .            g - ring of Lucidity {Fly Will+ Int+8 Stlth-}
rCorr   .            (no ring)
SInv    .            (no ring)
Will    +....        (no ring)
Stlth   +++          (no ring)
HPRegen 0.25/turn    (no ring)
MPRegen 0.11/turn    (no ring)
                     (no ring)

%: no passive effects
@: flying
A: almost no armour, amphibious, 8 rings, camouflage 1, gelatinous body 1,
(nimble swimmer 1), tentacles
a: no special abilities


You were on level 4 of the Dungeon.
You visited 1 branch of the dungeon, and saw 4 of its levels.

You collected 167 gold pieces.

Inventory:

Hand Weapons
 d - a +0 dagger
Missiles
 a - 2 throwing nets
Magical Staves
 f - a staff of alchemy (weapon)
Jewellery
 g - the ring of Lucidity (left tentacle) {Fly Will+ Int+8 Stlth-}
   (You found it on level 2 of the Dungeon)

   [ring of willpower]

   Int+8:     It affects your intelligence (+8).
   Will+:     It increases your willpower.
   Fly:       It grants you flight.
   Stlth-:    It makes you less stealthy.
Wands
 h - a wand of flame (30)
Scrolls
 c - 2 scrolls of fog
Potions
 b - a potion of lignification {unknown}
 e - a potion of heal wounds {unknown}
 i - 2 potions of mutation {unknown}


   Skills:
 + Level 3.2 Dodging
 + Level 4.7 Stealth
 + Level 3.1 Spellcasting
 + Level 4.8 Conjurations


You had 3 spell levels left.
You knew the following spells:

 Your Spells              Type           Power      Damage    Failure   Level
a - Magic Dart            Conj           100%       1d8       1%          1
b - Searing Ray           Conj           70%        2d7       1%          2
c - Fulminant Prism       Conj/Alch      14%        3d8       24%         4

Your spell library contained the following spells:

 Spells                   Type           Power      Damage    Failure   Level
 Fugue of the Fallen      Necr           4%         N/A       21%         3
 Ozocubu's Armour         Ice            4%         N/A       21%         3
 Iskenderun's Mystic Bla  Conj/Tloc      19%        2d6       24%         4
 Manifold Assault         Tloc           4%         N/A       54%         4


Dungeon Overview and Level Annotations

Branches:
Dungeon (4/15)
 Temple: D:4-7

Altars:
Beogh

Shops:
D:3 (

Annotations:
D:4 Blork the orc


Innate Abilities, Weirdness & Mutations

You cannot wear most types of armour.
You are amphibious.
You can wear up to eight rings at the same time.
Your skin changes colour to match your surroundings (Stealth+).
Your rubbery body absorbs attacks. (AC +1, EV +1)
((You are camouflaged when in or above water. (Stealth+)))
You have tentacles for arms and can constrict up to eight enemies at once.


Message History

HP restored.
You start resting.
Magic restored.
Blork the orc is nearby!
Found a blade talisman.
Casting: Searing Ray (safe; 1% risk of failure)
Confirm with . or Enter, or press ? or * to list all spells.
Aiming: Searing Ray (safe; 1% risk of failure)
Press: ? - help, Shift-Dir - straight line, f - Blork the orc
Aim: Blork the orc, wielding a +0 morningstar and wearing a +0 robe (wandering, hasn't noticed you, 83% to hit)
The searing ray misses Blork the orc. (Press . to maintain the ray.) Blork the orc shouts!
The searing ray hits Blork the orc!
Blork the orc is moderately wounded.
Blork the orc screams, "Die!"
The searing ray misses Blork the orc.
The searing ray hits Blork the orc!
Blork the orc is severely wounded.
You finish channelling your searing ray.
Blork the orc closely misses you.
Casting: Searing Ray (safe; 1% risk of failure)
Confirm with . or Enter, or press ? or * to list all spells.
Aiming: Searing Ray (safe; 1% risk of failure)
Press: ? - help, Shift-Dir - straight line, f/p - Blork the orc
Aim: Blork the orc, wielding a +0 morningstar and wearing a +0 robe (severely wounded, 83% to hit)
The searing ray misses Blork the orc. (Press . to maintain the ray.) Blork the orc hits you with a +0 morningstar!!
Ouch! That really hurt!
The searing ray misses Blork the orc.
Blork the orc casts a spell at you. The magic dart hits you!
* * * LOW HITPOINT WARNING * * *
Aiming: Throw Flame
Press: ? - help, Shift-Dir - straight line, f/p - Blork the orc
Aim: Blork the orc, wielding a +0 morningstar and wearing a +0 robe (severely wounded, 72% to hit)
The puff of flame misses Blork the orc.
Blork the orc closely misses you.
Blork the orc hits you with a +0 morningstar!
You die...

#..'.......+ #####.......#
########## #...........#
.........# #...........#
...†.....# #).......)..#
.........#####......######
.........'†............
###.....#####......###
#.........@o.....#
#####.............#
#.............#
#.#####.......# #.#
#.......# #.# #.......#
#.# #..%....# #####.#
######### #.....#


You could see Blork the orc.

Vanquished Creatures
  An iguana (D:4)
  Robin (D:3)
  4 gnolls (D:3)
  3 adders
  A ribbon worm (D:4)
  3 orcs
  4 ball pythons
  4 endoplasms
  2 giant cockroaches
  16 goblins
  A hobgoblin (D:2)
  3 quokkas
  5 bats
  A frilled lizard (D:3)
  A kobold (D:3)
  4 rats
54 creatures vanquished.

Vanquished Creatures (others)
  A hobgoblin (D:3)
1 creature vanquished.

Grand Total: 55 creatures vanquished

Notes
Turn   | Place    | Note
-------+----------+-------------------------------------------
     0 | D:1      | danspanner the Octopode Conjurer began the quest for the
                  | Orb.
     0 | D:1      | Reached XP level 1. HP: 11/11 MP: 3/3
   301 | D:1      | Reached XP level 2. HP: 17/17 MP: 1/5
   373 | D:1      | Learned a level 2 spell: Searing Ray
   423 | D:1      | Found a roughly hewn altar of Beogh.
   456 | D:1      | Found a faded altar of an unknown god.
   957 | D:2      | Reached XP level 3. HP: 21/21 MP: 1/6
  1155 | D:2      | Identified the ring of Lucidity {Fly Will+ Int+8 Stlth-}
  1720 | D:3      | Noticed Robin
  1859 | D:3      | Reached XP level 4. HP: 27/27 MP: 2/7
  1979 | D:3      | Identified the +4 scale mail "Kinimy" {Str+4}
  1998 | D:3      | Killed Robin
  2138 | D:3      | Reached XP level 5. HP: 31/31 MP: 2/9
  2597 | D:3      | Found Giavuj's Antique Weapon Shoppe.
  2934 | D:4      | Learned a level 4 spell: Fulminant Prism
  2954 | D:4      | Noticed Blork the orc
  3031 | D:4      | Slain by Blork the orc

Illustrated notes

Levels and vault maps discovered:
D:1:      mainiacjoe_arrival_oval_in_oval, layout_basic,
          hellmonk_ecumenical_altar_defaced_shrine, dk_noncrumbling_3
D:2:      layout_basic, amethyst_killhole
D:3:      layout_rooms, serial_shops, shop, uniq_robin
D:4:      minmay_wonky_spiral, layout_basic, uniq_blork_the_orc

Skill      XL: |  1  2  3  4  5 |
---------------+----------------+-----
Stealth        | 3 4 |  4.7
Dodging        | 3 |  3.2
Spellcasting   | 3 |  3.1
Conjurations   | |  4.8

Action                     |  1- 3 |  4- 6 || total
---------------------------+-------+-------++-------
  Melee: Dagger            |     5 |       ||     5
         Staff             |       |    13 ||    13
         Constrict         |       |     3 ||     3
         Tentacles         |       |     3 ||     3
   Cast: Magic Dart        |    35 |     3 ||    38
         Searing Ray       |     5 |    21 ||    26
  Evoke: Wand              |       |     1 ||     1
    Use: Scroll            |     2 |     1 ||     3
         Potion            |       |     1 ||     1
 Armour: Skin              |     2 |    23 ||    25
  Dodge: Dodged            |     8 |    28 ||    36

Table legend: (Time is in decaauts)
 A = Elapsed time spent in this place.
 B = Non-inter-level travel time spent in this place.
 C = Inter-level travel time spent in this place.
 D = Time resting spent in this place.
 E = Time spent auto-exploring this place.
 F = Levels seen in this place.
 G = Mean time per level.
                   A        B        C        D        E       F      G
               +--------+--------+--------+--------+--------+-----+--------+
         Total |   3032 |   2860 |    172 |    225 |   2268 |   4 |  758.0 |
       Dungeon |   3032 |   2860 |    172 |    225 |   2268 |   4 |  758.0 |
               +--------+--------+--------+--------+--------+-----+--------+

Top non-repeatable levels by time:
     D:2: 1038 daAuts
     D:3: 920 daAuts
     D:1: 799 daAuts
     D:4: 274 daAuts
